 Dungeon Crawl Stone Soup version 0.19-a0-1457-g32fba05 (webtiles) character file.

23 Amnesiac the Grave Robber (level 2, -1/19 HPs)
             Began as a Demonspawn Necromancer on Sept 7, 2016.
             Killed from afar by Sigmund (6 damage)
             ... with a puff of flame
             ... on level 3 of the Dungeon.
             The game lasted 00:02:14 (759 turns).

Amnesiac the Grave Robber (Demonspawn Necromancer)   Turns: 759, Time: 00:02:15

Health: -1/19      AC:  2    Str:  8    XL:     2   Next: 75%
Magic:  0/5        EV: 17    Int: 16    God:
Gold:   74         SH:  0    Dex: 18    Spells: 1 memorised, 5 levels left

rFire  . . .     SeeInvis .     (no weapon)
rCold  . . .     Gourm    .     a - +0 robe
rNeg   . . .     Faith    .     (no shield)
rPois  .         Spirit   .     (no helmet)
rElec  .         Dismiss  .     (no cloak)
rCorr  .         Reflect  .     (no gloves)
MR     .....     Harm     .     (no boots)
Stlth  +++.......               (no amulet)
                                (no ring)
                                (no ring)

@: agile
A: hooves 1
a: no special abilities


You were on level 3 of the Dungeon.
You were not hungry.

You visited 1 branch of the dungeon, and saw 3 of its levels.

You collected 74 gold pieces.

Inventory:

Armour
 a - a +0 robe (worn)
Jewellery
 d - an uncursed amulet of guardian spirit
Scrolls
 f - a scroll of immolation {unknown}
 g - 2 scrolls of identify {unknown}
 h - 2 scrolls of blinking {unknown}
Potions
 i - a potion of haste {unknown}
 j - a potion of invisibility {unknown}
Books
 b - a book of Necromancy

   Spells                             Type                      Level
   a - Pain                           Necromancy                   1
   b - Animate Skeleton               Necromancy                   1
   c - Vampiric Draining              Necromancy                   3
   d - Regeneration                   Charms/Necromancy            3
   e - Animate Dead                   Necromancy                   4
   f - Control Undead                 Necromancy                   4
Comestibles
 c - 2 bread rations


   Skills:
 - Level 1.7 Dodging
 - Level 1.7 Stealth
 - Level 2.5 Spellcasting
 + Level 5.0 Necromancy


You had 5 spell levels left.
You knew the following spells:

 Your Spells              Type           Power        Failure   Level  Hunger
z - Pain                  Necr           ###.         2%          1    #......


Dungeon Overview and Level Annotations

Branches:
Dungeon (3/15)

Altars:
Xom

Annotations:
D:3 Sigmund


Innate Abilities, Weirdness & Mutations

You have large cloven feet.


Message History

Confirm with . or Enter, or press ? or * to list all spells.
Aiming: Pain
Press: ? - help, Shift-Dir - straight line Nothing appears to happen.
You see here a club.
A puff of flame appears from out of thin air!
The puff of flame hits you!
* * * LOW HITPOINT WARNING * * *
It was a potion of agility.
You feel agile all of a sudden.
A puff of flame appears from out of thin air!
The puff of flame misses you.
Casting: Pain
Confirm with . or Enter, or press ? or * to list all spells.
Aiming: Pain
Press: ? - help, Shift-Dir - straight line Nothing appears to happen.
A puff of flame appears from out of thin air!
The puff of flame hits you!
You die...

##.####.##### #.≈.≈≈#.####
#)### ####≈..###.# ##...##
#.##.#.##.##
.###.....#######..##..._##
...........†.)....#######
####.....#######{##
##...## #.# ##.#########{#
#.......@...#
#############


There were no monsters in sight!

Vanquished Creatures
  An ooze (D:3)
  3 giant cockroaches (D:3)
  3 hobgoblins
  6 bats
  2 giant newts
  A goblin (D:1)
  A rat (D:3)
17 creatures vanquished.

Vanquished Creatures (others)
  4 toadstools (D:1)
4 creatures vanquished.

Grand Total: 21 creatures vanquished

Notes
Turn   | Place    | Note
-------+----------+-------------------------------------------
     0 | D:1      | Amnesiac the Demonspawn Necromancer began the quest for the Orb.
     0 | D:1      | Reached XP level 1. HP: 13/13 MP: 3/3
   310 | D:2      | Gained mutation: You have large cloven feet. [demonic ancestry]
   310 | D:2      | Reached XP level 2. HP: 18/19 MP: 2/5
   529 | D:3      | Noticed Sigmund
   608 | D:3      | Found a shimmering altar of Xom.
   683 | D:3      | Reached skill level 5 in Necromancy
   759 | D:3      | Killed from afar by Sigmund

Vault maps used:
D:1:      ldierk_walled_garden_2, minmay_misc_feat_four_crosses
D:2:      minmay_randomly_rotated_circles
D:3:      first_bread, tgw_xom, uniq_sigmund

Skill      XL: |  1  2 |
---------------+-------+-----
Necromancy     | 5 |  5.0
Dodging        | |  1.7
Stealth        | |  1.7
Spellcasting   | |  2.5

Action                   || total
-------------------------++-------
Melee: Unarmed           ||     7
       Kick              ||     1
 Cast: Pain              ||    35
  Use: Potion            ||     1
Armor: Robe              ||     2
Dodge: Dodged            ||     9
